 Dungeon Crawl Stone Soup version 0.31-a0-716-gc7603755dd (webtiles) character file.

Game seed: 10103854455962643095

62 Xavori the Cutter (level 4, -1/28 (33) HPs)
             Began as an Octopode Chaos Knight on Sept 10, 2023.
             Was a Plaything of Xom.
             Slain by an ogre
             ... wielding a +0 giant spiked club
              (29 damage)
             ... on level 3 of the Dungeon.
             The game lasted 00:01:36 (11026 turns).

Xavori the Cutter (Octopode Chaos Knight)          Turns: 11026, Time: 00:01:37

HP:   -1/28 (33)    AC:  9    Str: 11    XL:     4   Next: 8%
MP:   4/4           EV: 13    Int: 14    God:    Xom [....*.]
Gold: 75            SH:  0    Dex: 13    Spells: 3/3 levels left

rFire   + . .        o - +1 dagger (protect)
rCold   + . .        (no shield)
rNeg    . . .        (helmet restricted)
rPois   .            (no amulet)
rElec   .            (no ring)
rCorr   .            (no ring)
SInv    +            (no ring)
Will    ++...        (no ring)
Stlth   +++          (no ring)
HPRegen 0.24/turn    (no ring)
MPRegen 0.09/turn    (no ring)
                     (no ring)

%: no passive effects
@: under a protective aura, heavily drained
A: almost no armour, amphibious, 8 rings, camouflage 1, gelatinous body 1,
(nimble swimmer 1), tentacles, tentacle spike 1, see invisible, cold resistance
1, fire resistance 1, strong-willed 2, passive freeze, shaggy fur 1
a: Renounce Religion


You were on level 3 of the Dungeon.
You worshipped Xom.
You were a beloved toy of Xom.
You visited 1 branch of the dungeon, and saw 3 of its levels.

You collected 75 gold pieces.

Inventory:

Hand Weapons
 a - a +0 short sword of chaos
 o - a +1 dagger of protection (weapon)
Talismans
 r - a maw talisman
Scrolls
 b - a scroll of butterflies
 d - a scroll of poison {unknown}
 e - 3 scrolls of identify {unknown}
 g - a scroll of noise {unknown}
 h - a scroll of acquirement {unknown}
 j - a scroll of amnesia {unknown}
 l - a scroll of enchant armour {unknown}
 m - a scroll of enchant weapon {unknown}
 n - a scroll of vulnerability {unknown}
 q - a scroll of teleportation {unknown}
Potions
 c - a potion of cancellation {unknown}
 f - 3 potions of enlightenment {unknown}
 i - a potion of heal wounds {unknown}
 k - a potion of degeneration {unknown}
 p - a potion of curing {unknown}


   Skills:
 + Level 3.6 Fighting
 + Level 3.8 Short Blades
 + Level 2.5 Dodging
 + Level 2.0 Stealth


You had 3 spell levels left.
You didn't know any spells.
Your spell library was empty.

Dungeon Overview and Level Annotations

Branches:
Dungeon (3/15)

Altars:
Xom


Innate Abilities, Weirdness & Mutations

You cannot wear most types of armour.
You are amphibious.
You can wear up to eight rings at the same time.
Your skin changes colour to match your surroundings (Stealth+).
Your rubbery body absorbs attacks. (AC +1, EV +1)
((You are camouflaged when in or above water. (Stealth+)))
You have tentacles for arms and can constrict up to eight enemies at once.
One of your tentacles bears a spike.
You have supernaturally acute eyesight. (SInv)
Your flesh is cold resistant. (rC+)
Your flesh is heat resistant. (rF+)
You are highly strong-willed. (Will++)
A frigid envelope surrounds you and freezes all who hurt you.
You are covered in fur. (AC +1)


Message History

Key pressed, stopping explore.
No target in view!
What level of the Dungeon? (default 1, ? - help)
There is a stone staircase leading down here.
You climb downwards.
There is a stone staircase leading up here.
A ball python comes into view.
A ball python is nearby!
A ball python is nearby!
Found a maw talisman.
The helpless ball python fails to defend itself.
You impale the ball python!!
Your weapon exudes an aura of protection.
You kill the ball python!
Your Stealth skill increases to level 2!
You see here a maw talisman.
A hobgoblin comes into view.
You see here a maw talisman.
r - a maw talisman No target in view!
No target in view!
No target in view!
A hobgoblin is nearby!
An ogre comes into view. It is wielding a +0 giant spiked club.
Found 15 gold pieces.
The hobgoblin shouts!
The ogre shouts!
You barely miss the ogre.
You pierce the ogre.
You squeeze the ogre.
The ogre is moderately wounded.
The ogre closely misses you.
You hit the ogre but do no damage.
Your weapon exudes an aura of protection.
You pierce the ogre.
You squeeze the ogre.
The ogre is severely wounded.
The hobgoblin closely misses you.
You hit the ogre.
You pierce the ogre.
The ogre is almost dead.
The ogre hits you with a +0 giant spiked club!!
Ouch! That really hurt!
You die... "It was about time."

##########.#
###...#
#.....#
#.....#
#.....#
###.### #.#
#.# #@#
#.Og.#
#......
#....#$..
#....#...#
#....# ###
######


You could see an ogre and a hobgoblin.

Vanquished Creatures
  An adder (D:2)
  A worm (D:2)
  A dart slug (D:2)
  2 bats (D:1)
  4 endoplasms (D:1)
  7 goblins
  3 hobgoblins (D:1)
  4 jackals (D:2)
  2 kobolds (D:1)
  3 quokkas
  5 ball pythons
  6 frilled lizards
  5 rats
44 creatures vanquished.

Notes
Turn   | Place    | Note
-------+----------+-------------------------------------------
     0 | D:1      | Xavori the Octopode Chaos Knight began the quest for the
                  | Orb.
     0 | D:1      | Reached XP level 1. HP: 16/16 MP: 1/1
    62 | D:1      | XOM: divination: magic mapping
   117 | D:1      | Reached XP level 2. HP: 20/21 MP: 2/2
   434 | D:1      | Reached XP level 3. HP: 24/26 MP: 3/3
  1568 | D:1      | XOM: draining
  1938 | D:1      | XOM: silly message
  2212 | D:1      | XOM: summons 1 hostile demon
  2307 | D:2      | XOM: stat loss: -1 Dex (12/13)
  2368 | D:2      | XOM: 8-stop teleportation journey
  2373 | D:2      | XOM: silly message
  2432 | D:2      | XOM: 5-stop teleportation journey
  2498 | D:2      | Reached skill level 1 in Stealth
  3078 | D:1      | XOM: summons 1 hostile demon
  3089 | D:2      | XOM: noise
  3161 | D:2      | XOM: noise
  3200 | D:2      | XOM: draining
  3974 | D:1      | XOM: give mutations
  3974 | D:1      | Gained mutation: You have supernaturally acute eyesight.
                  | (SInv) [Xom's grace]
  3974 | D:1      | Gained mutation: One of your tentacles bears a spike.
                  | [Xom's grace]
  4046 | D:1      | XOM: god gift: staff of cold
  4135 | D:1      | XOM: cloud trail
  5899 | D:1      | XOM is BORED!
  6808 | D:1      | XOM: silly message
  7102 | D:1      | XOM: silly message
  7459 | D:1      | XOM: silly message
  8796 | D:1      | XOM: cloud trail
  8830 | D:1      | XOM: scenery: create altars
  9379 | D:1      | XOM is BORED!
  9379 | D:1      | XOM: give mutations
  9379 | D:1      | Gained mutation: You are covered in fur. (AC +1) [Xom's
                  | mischief]
  9379 | D:1      | Gained mutation: You are strong-willed. (Will+) [Xom's
                  | mischief]
 10190 | D:1      | XOM: give mutations
 10190 | D:1      | Gained mutation: Your flesh is cold resistant. (rC+) [Xom's
                  | grace]
 10190 | D:1      | Gained mutation: You are highly strong-willed. (Will++)
                  | [Xom's grace]
 10190 | D:1      | Gained mutation: Your flesh is heat resistant. (rF+) [Xom's
                  | grace]
 10190 | D:1      | Gained mutation: A frigid envelope surrounds you and
                  | freezes all who hurt you. [Xom's grace]
 10249 | D:1      | XOM: summons 3 hostile shadow creatures
 10693 | D:2      | Reached XP level 4. HP: 28/28 MP: 4/4
 10944 | D:2      | XOM: scenery: summon butterflies
 11021 | D:3      | Noticed an ogre
 11026 | D:3      | Slain by an ogre

Illustrated notes

Levels and vault maps discovered:
D:1:      psy_arrival_radial01, layout_basic
D:2:      layout_basic, nicolae_figureground_sparkle
D:3:      layout_basic, nicolae_ecumenical_snake_handling, uniq_jessica

Skill      XL: |  1  2  3  4 |
---------------+-------------+-----
Stealth        | 1 2 |  2.0
Fighting       | |  3.6
Short Blades   | |  3.8
Dodging        | |  2.5

Action                     |  1- 3 |  4- 6 || total
---------------------------+-------+-------++-------
  Melee: Short sword       |    56 |       ||    56
         Tentacles         |    16 |     2 ||    18
         Constrict         |    16 |     2 ||    18
         Punch             |     1 |       ||     1
         Dagger            |     7 |    11 ||    18
         Kick              |     3 |     6 ||     9
   Stab: Sleeping          |     6 |     1 ||     7
 Armour: Skin              |    21 |     5 ||    26
  Dodge: Dodged            |    42 |     5 ||    47

Table legend: (Time is in decaauts)
 A = Elapsed time spent in this place.
 B = Non-inter-level travel time spent in this place.
 C = Inter-level travel time spent in this place.
 D = Time resting spent in this place.
 E = Time spent auto-exploring this place.
 F = Levels seen in this place.
 G = Mean time per level.
                   A        B        C        D        E       F      G
               +--------+--------+--------+--------+--------+-----+--------+
         Total |  11015 |  10946 |     69 |   9042 |   1619 |   3 | 3671.7 |
       Dungeon |  11015 |  10946 |     69 |   9042 |   1619 |   3 | 3671.7 |
               +--------+--------+--------+--------+--------+-----+--------+

Top non-repeatable levels by time:
     D:1: 9808 daAuts
     D:2: 1179 daAuts
     D:3: 27 daAuts
